 Dungeon Crawl Stone Soup version 0.27-a0-760-gc38aae387d (webtiles) character file.

Game seed: 598844819173155327

20 polve the Chopper (level 2, 0/26 HPs)
             Began as a Hill Orc Berserker on Mar 24, 2021.
             Was a Follower of Trog.
             Slain by Sigmund
             ... wielding a +0 scythe
              (4 damage)
             ... on level 2 of the Dungeon.
             The game lasted 00:00:37 (1235 turns).

polve the Chopper (Hill Orc Berserker)              Turns: 1235, Time: 00:00:37

Health: 0/26       AC:  2    Str: 19    XL:     2   Next: 79%
Magic:  2/2        EV: 11    Int:  7    God:    Trog [*.....]
Gold:   52         SH:  0    Dex: 10    Spells: 1/1 levels left

rFire    . . .     SeeInvis .   c - +1 hand axe (flame)
rCold    . . .     Faith    .   (no shield)
rNeg     . . .     Spirit   .   b - +0 animal skin
rPois    .         Reflect  .   (no helmet)
rElec    .         Harm     .   (no cloak)
rCorr    .         Rampage  .   (no gloves)
Will     .....                  (no boots)
Stlth    +.........             (no amulet)
HPRegen  0.08/turn              (no ring)
MPRegen  0.08/turn              (no ring)

@: berserk cooldown, slowed, very slow
A: no striking features
a: Renounce Religion, Berserk


You were on level 2 of the Dungeon.
You worshipped Trog.
Trog was aware of your devotion.
You visited 1 branch of the dungeon, and saw 2 of its levels.

You collected 52 gold pieces.

Inventory:

Hand Weapons
 c - a +1 hand axe of flaming (weapon)
Armour
 b - a +0 animal skin (worn)
Scrolls
 a - a scroll of identify {unknown}
 d - a scroll of vulnerability {unknown}
 e - a scroll of fog {unknown}
 f - a scroll of fear {unknown}


   Skills:
 - Level 3.6 Fighting
 + Level 5.3 Axes
 - Level 2.1 Armour
 - Level 1.5 Dodging


You had one spell level left.
You didn't know any spells.
Your spell library was empty.

Dungeon Overview and Level Annotations

Branches:
Dungeon (2/15)

Altars:

Annotations:
D:2 Sigmund


Message History

Found 11 gold pieces.
You are too confused!
You are too confused!
You are too confused!
You are too confused!
You are too confused!
You are too confused!
You are too confused!
You are too confused!
You are too confused!
You are too confused!
You are too confused!
You are too confused!
You are too confused!
You are too confused!
You are too confused!
You are too confused!
You are too confused!
You are too confused!
You are too confused!
You are too confused!
You are too confused!
Sigmund barely misses you.
You feel your anger nearly subside.
You are no longer berserk.
You are exhausted.
You feel yourself slow down. Sigmund barely misses you.
Found a scroll labelled YDAPHEK SYIRCHATUZ.
You barely miss Sigmund. Sigmund misses you.
Sigmund gestures at himself while chanting.
Sigmund flickers and vanishes!
Deactivating autopickup; reactivate with Ctrl-A.
You feel less confused. Something hits you!
You hit something. You burn something. Something hits you. x2
You aren't carrying any potions.
You hit something. You burn something. Something hits you!
* * * LOW HITPOINT WARNING * * *
Something hits you.
You die...

+.........
+#.....?...
.....$.....#
#...........#
#...........#
#...........#
#..........#
#.......{..#
#.[.....@..#
#..........#
#.#....#+###
#....# #...<#
#..#.# #..#.#
#..#.# #. #.#


There were no monsters in sight!

Vanquished Creatures
  2 dart slugs (D:1)
  2 endoplasms (D:1)
  2 giant cockroaches (D:1)
  2 goblins (D:1)
  2 hobgoblins (D:1)
  A ball python (D:1)
  A bat (D:1)
  2 frilled lizards (D:1)
  A kobold (D:1)
15 creatures vanquished.

Notes
Turn   | Place    | Note
-------+----------+-------------------------------------------
     0 | D:1      | polve the Hill Orc Berserker began the quest for the Orb.
     0 | D:1      | Reached XP level 1. HP: 19/19 MP: 1/1
   275 | D:1      | Reached XP level 2. HP: 19/26 MP: 2/2
   607 | D:1      | Reached skill level 5 in Axes
  1223 | D:2      | Noticed Sigmund
  1235 | D:2      | Slain by Sigmund

Illustrated notes

Levels and vault maps discovered:
D:1:      minmay_arrival_doors, layout_loops_ring
D:2:      layout_basic, pdpol_wu_jian_five_deadly_venoms, cheibrodos_gnoll_hut,
          uniq_natasha, uniq_terence, uniq_sigmund

Skill      XL: |  1  2 |
---------------+-------+-----
Axes           | 5 |  5.3
Fighting       | |  3.6
Armour         | |  2.1
Dodging        | |  1.5

Action                   || total
-------------------------++-------
Melee: Hand axe          ||    46
Invok: Berserk           ||     1
 Stab: Sleeping          ||     1
Armor: Animal skin       ||     7
Dodge: Dodged            ||    27

Table legend: (Time is in decaauts)
 A = Elapsed time spent in this place.
 B = Non-inter-level travel time spent in this place.
 C = Inter-level travel time spent in this place.
 D = Time resting spent in this place.
 E = Time spent auto-exploring this place.
 F = Levels seen in this place.
 G = Mean time per level.
                   A        B        C        D        E       F      G
               +--------+--------+--------+--------+--------+-----+--------+
         Total |   1238 |   1162 |     76 |      0 |   1036 |   2 |  619.0 |
       Dungeon |   1238 |   1162 |     76 |      0 |   1036 |   2 |  619.0 |
               +--------+--------+--------+--------+--------+-----+--------+

Top non-repeatable levels by time:
     D:1: 1226 daAuts
     D:2: 12 daAuts
